 Dungeon Crawl Stone Soup version 0.30-a0-1161-g0704695555 (webtiles) character file.

Game seed: 14020404904325020205

81 NateTC the Trooper (level 4, -1/30 HPs)
             Began as a Gargoyle Chaos Knight on Apr 28, 2023.
             Was a Plaything of Xom.
             Killed by divine providence
             ... invoked by an orc priest
              (12 damage)
             ... on level 3 of the Dungeon.
             The game lasted 00:05:43 (1676 turns).

NateTC the Trooper (Gargoyle Chaos Knight)          Turns: 1676, Time: 00:05:44

Health: -1/30      AC: 16    Str: 17    XL:     4   Next: 40%
Magic:  4/4        EV:  4    Int: 13    God:    Xom [....*.]
Gold:   116        SH:  2    Dex:  9    Spells: 3/3 levels left

rFire   . . .        a - +0 mace (chaos)
rCold   . . .        f - +0 buckler
rNeg    + . .        b - +0 plate armour
rPois   ∞            (no helmet)
rElec   +            (no cloak)
rCorr   .            e - +0 pair of gloves
SInv    .            (no boots)
Will    .....        (no amulet) Stlth
                     (no ring)
HPRegen 0.25/turn    (no ring)
MPRegen 0.09/turn

%: no passive effects
@: no status effects
A: sickness immunity, AC +3, negative energy resistance 1, electricity
resistance, torment resistance 1, petrification resistance
a: Renounce Religion


You were on level 3 of the Dungeon.
You worshipped Xom.
You were a beloved toy of Xom.
You visited 1 branch of the dungeon, and saw 3 of its levels.

You collected 116 gold pieces.

Inventory:

Hand Weapons
 a - a +0 mace of chaos (weapon)
 h - a +0 mace
Armour
 b - a +0 plate armour (worn)
 e - a +0 pair of gloves (worn)
 f - a +0 buckler (worn)
Scrolls
 i - a scroll of blinking {unknown}
Potions
 d - a potion of haste
 g - a potion of resistance {unknown}
 j - a potion of berserk rage {unknown}
 k - a potion of curing {unknown}
Miscellaneous
 c - a piece from Xom's chessboard (15/15) (quivered)


   Skills:
 * Level 4.6 Fighting
 + Level 3.6 Maces & Flails
 + Level 3.0 Armour
 - Level 0.7 Dodging


You had 3 spell levels left.
You didn't know any spells.
Your spell library contained the following spells:

 Spells                   Type           Power      Damage    Failure   Level
 Freeze                   Ice            0%         1d3       100%        1
 Frozen Ramparts          Ice            0%         1d1       100%        3
 Hailstorm                Conj/Ice       0%         3d3       100%        3


Dungeon Overview and Level Annotations

Branches:
Dungeon (3/15) Zot: 16253

Altars:


Innate Abilities, Weirdness & Mutations

You are immune to sickness and miasma.
Your stone body is resilient. (AC +3)
You are immune to poison.
You resist negative energy. (rN+)
You are resistant to electric shocks. (rElec)
You are resistant to unholy torment.
You are immune to petrification.


Message History

You barely miss the frilled lizard.
The frilled lizard bites you but does no damage.
A hobgoblin comes into view.
The frilled lizard attacks as you move away!
The frilled lizard bites you but does no damage.
The orc wizard casts a spell at you.
The puff of flame hits you but does no damage.
The frilled lizard attacks as you move away!
The frilled lizard closely misses you.
You thump the frilled lizard!
You kill the frilled lizard!
You closely miss the orc. The orc hits you but does no damage.
The orc wizard gestures wildly while chanting.
The orc wizard flickers and vanishes!
Deactivating autopickup; reactivate with Ctrl-A.
You block the orc's attack.
You hit the orc but do no damage.
The orc priest casts a cantrip, but nothing happens.
The orc hits you with a +0 dagger.
You thump the orc! You burn the orc.
You kill the orc!
The kobold throws a stone.
The stone barely misses you.
You hit something. You burn something.
A worm comes into view.
The kobold throws a stone.
You hear some strange, mumbled words.
A magic dart appears from out of thin air!
The magic dart hits you but does no damage.
You closely miss something. Something hits you but does no damage.
You hit something. You freeze something. Something hits you but does no damage.
You barely miss something.
You hear some strange, mumbled words.
A puff of flame appears from out of thin air!
The puff of flame hits you!
The kobold throws a stone.
Something hits you but does no damage.
The kobold throws a stone.
The stone hits you but does no damage.
The orc priest mumbles some strange prayers to Beogh against you.
Beogh smites you!
You die...
Xom bursts into laughter!

... ..........#......
#.###.##....†.......
#...................
.###.......##......###
....<......##......#
###.##....##........ #
#....##......##.
#.##.#..##...#
#@##..... ...#
#.##.....
#.###{##.....
#K..Kog.....#
........o.......
####..##.b...g.. #..
.b......# ...
..b...... ###.
........#


You could see an orc priest (ally target), an orc (agile), a hobgoblin and a
kobold.

Vanquished Creatures
  3 adders
  A worm (D:2)
  A dart slug (D:2)
  An orc (D:3)
  A ball python (D:2)
  5 bats
  7 endoplasms
  A giant cockroach (D:2)
  4 goblins (D:1)
  5 hobgoblins
  4 jackals (D:2)
  A quokka (D:1)
  3 frilled lizards
  3 kobolds (D:2)
  2 rats (D:1)
42 creatures vanquished.

Vanquished Creatures (others)
  11 plants (D:1)
11 creatures vanquished.

Grand Total: 53 creatures vanquished

Notes
Turn   | Place    | Note
-------+----------+-------------------------------------------
     0 | D:1      | NateTC the Gargoyle Chaos Knight began the quest for the
                  | Orb.
     0 | D:1      | Reached XP level 1. HP: 14/14 MP: 1/1
     0 | D:1      | XOM: silly message
   181 | D:1      | XOM: noise
   199 | D:1      | XOM: enchant monster (bad)
   203 | D:1      | Reached XP level 2. HP: 19/19 MP: 2/2
   218 | D:1      | XOM: noise
   940 | D:1      | XOM: noise
  1049 | D:2      | Reached XP level 3. HP: 21/24 MP: 3/3
  1055 | D:2      | Reached skill level 4 in Fighting
  1189 | D:2      | XOM: confuse monster(s)
  1355 | D:2      | Reached XP level 4. HP: 24/30 MP: 4/4
  1544 | D:2      | XOM: god gift: staff of air
  1663 | D:3      | XOM: butterfly on damage
  1676 | D:3      | Killed from afar by an orc priest

Illustrated notes

Levels and vault maps discovered:
D:1:      minmay_arrival_loop, layout_loops_ring, chequers_big_river, hex_tiny
D:2:      minmay_spotlight, layout_rooms
D:3:      layout_basic

Skill      XL: |  1  2  3  4 |
---------------+-------------+-----
Fighting       | 4 |  4.6
Armour         | 3 |  3.0
Maces & Flails | |  3.6
Dodging        | |  0.7

Action                     |  1- 3 |  4- 6 || total
---------------------------+-------+-------++-------
  Melee: Mace              |   155 |    29 ||   184
         Punch             |     3 |       ||     3
    Use: Scroll            |       |     2 ||     2
 Armour: Leather armour    |    24 |       ||    24
         Plate armour      |   113 |    34 ||   147
         Chain mail        |     3 |       ||     3
  Dodge: Dodged            |    84 |     7 ||    91
  Block: Buckler           |       |     1 ||     1

Table legend: (Time is in decaauts)
 A = Elapsed time spent in this place.
 B = Non-inter-level travel time spent in this place.
 C = Inter-level travel time spent in this place.
 D = Time resting spent in this place.
 E = Time spent auto-exploring this place.
 F = Levels seen in this place.
 G = Mean time per level.
                   A        B        C        D        E       F      G
               +--------+--------+--------+--------+--------+-----+--------+
         Total |   1745 |   1579 |    166 |     77 |    749 |   3 |  581.7 |
       Dungeon |   1745 |   1579 |    166 |     77 |    749 |   3 |  581.7 |
               +--------+--------+--------+--------+--------+-----+--------+

Top non-repeatable levels by time:
     D:1: 1042 daAuts
     D:2: 634 daAuts
     D:3: 68 daAuts
